Map: [ESL] Radhuset Station

Players

Dark - Winner!

  • Race: Zerg Zerg
  • Spawn Location: 1:00

Cure

  • Race: Terran Terran
  • Spawn Location: 7:00

Event: ESL SC2 Masters 2023 Winter (Finals)

VOD

Have the link to the VOD?

Description

Time

  • Played on: Dec. 17, 2023, 2:31 p.m.
  • Length: 17:50

All games in this series

Show
View Real Time Build Order
Export as new Build Order

Dark Zerg - Winner!

Build Orders: Hatch First 

Get SALT Encoding   

  12  0:00  Drone  
  13  0:11  Overlord  
  13  0:18  Drone  
  14  0:29  Drone x2  
  16  0:48  Hatchery  
  15  0:52  Drone  
  15  0:55  Drone  
  17  0:58  Drone  
  18  1:13  Spawning Pool  
  18  1:15  Drone  
  18  1:21  Drone  
  19  1:29  Drone  
  20  1:40  Drone  
  21  1:53  Hatchery  
  20  1:55  Drone  
  20  2:00  Queen  
  23  2:06  Drone x2  
  25  2:11  Queen  
  27  2:16  Overlord  
  27  2:22  Drone  
  28  2:35  Drone x4  
  28  2:36  Queen  
  34  2:42  Overlord  
  34  2:47  Queen  
  36  3:00  Drone x3  
  39  3:06  Queen  
  39  3:12  Queen, Overlord  
  43  3:13  Drone x2  
  43  3:15  Drone  
  43  3:16  Drone  
  43  3:18  Drone  
  48  3:20  Drone  
  48  3:25  Drone  
  50  3:31  Drone x2  
  50  3:32  Drone x3  
  50  3:33  Drone  
  56  3:40  Overlord  
  56  3:42  Drone  
  57  3:50  Overlord  
  57  3:52  Drone  
  57  3:53  Overlord  
  58  3:56  Overlord  
  58  3:58  Queen, Overlord  
  58  4:00  Drone x4  
  64  4:03  Drone x2, Extractor  
  64  4:04  Extractor  
  64  4:11  Drone x2  
  64  4:15  Drone x3  
  64  4:16  Drone  
  70  4:23  Overlord  
  70  4:24  Drone  
  70  4:29  Queen x2  
  75  4:32  Overlord  
  75  4:33  Drone x4  
  75  4:34  Queen  
  75  4:35  Drone x2  
  75  4:37  Extractor  
  82  4:38  Extractor x2  
  82  4:40  Extractor  
  82  4:44  Overlord  
  80  4:45  Drone x2  
  80  4:48  Drone x3  
  84  4:59  Drone x2  
  85  5:00  Drone, Metabolic Boost  
  86  5:07  Hatchery  
  86  5:08  Drone x2  
  86  5:09  Drone  
  86  5:11  Lair  
  89  5:14  Drone x3  
  89  5:15  Drone  
  89  5:18  Hatchery  
  91  5:21  Baneling Nest  
  91  5:23  Drone  
  91  5:24  Zergling x8  
  95  5:31  Zergling x2  
  95  5:32  Evolution Chamber  
  95  5:33  Evolution Chamber  
  94  5:37  Zergling x2  
  94  5:38  Zergling x10  
  94  5:40  Zergling x6  
  103  5:49  Zergling x4  
  105  5:53  Zergling x2  
  105  5:54  Zergling x6  
  109  6:02  Zergling x4  
  110  6:07  Zerg Ground Armor Level 1  
  110  6:08  Zerg Melee Weapons Level 1  
  110  6:09  Baneling x7  
  110  6:10  Baneling  
  110  6:11  Centrifugal Hooks  
  110  6:14  Zergling x8, Spire  
  110  6:15  Zergling x2  
  110  6:18  Overlord x3  
  114  6:19  Overlord  
  114  6:22  Zergling x8  
  114  6:23  Zergling x2  
  119  6:28  Drone  
  119  6:31  Baneling x3  
  120  6:34  Overlord  
  120  6:36  Zergling x2  
  120  6:37  Zergling x8  
  125  6:46  Drone x7  
  121  6:54  Drone x3  
  123  6:55  Drone x6  
  123  6:57  Baneling x3  
  130  7:07  Drone  
  130  7:08  Zergling x14, Extractor  
  137  7:09  Extractor  
  137  7:10  Burrow  
  137  7:12  Drone  
  137  7:13  Drone  
  137  7:14  Drone  
  139  7:27  Mutalisk x11  
  161  7:31  Zerg Flyer Weapons Level 1  
  161  7:40  Hatchery  
  161  7:42  Zergling x2  
  161  7:43  Zergling x10  
  166  7:44  Baneling x2  
  166  7:46  Overlord  
  165  7:51  Overlord  
  165  7:54  Pneumatized Carapace  
  165  7:56  Overlord  
  165  7:58  Overlord  
  165  8:03  Zerg Melee Weapons Level 2  
  165  8:04  Zerg Ground Armor Level 2  
  165  8:06  Infestation Pit  
  164  8:13  Zergling x14  
  164  8:14  Zergling x20  
  164  8:15  Overseer  
  175  8:25  Zergling x22  
  182  8:45  Zergling x6  
  182  8:46  Zergling x24  
  197  8:48  Spore Crawler  
  197  8:52  Spine Crawler  
  192  8:56  Hive, Spore Crawler  
  192  8:57  Baneling x3  
  185  9:07  Drone  
  173  9:12  Drone x6  
  173  9:13  Mutalisk, Drone  
  173  9:14  Mutalisk x5  
  192  9:26  Drone x5  
  191  9:33  Drone x9  
  200  9:38  Zerg Flyer Weapons Level 2  
  200  9:42  Baneling x4  
  200  9:52  Nydus Network  
  200  9:55  Overseer  
  200  9:57  Mutalisk  
  199  10:06  Drone  
  200  10:08  Baneling x4  
  200  10:16  Hatchery  
  200  10:20  Baneling x15  
  198  10:22  Adrenal Glands  
  198  10:23  Zerg Ground Armor Level 3, Zerg Melee Weapons Level 3  
  198  10:28  Zergling x2  
  195  10:44  Zergling x8  
  199  10:51  Ultralisk Cavern  
  196  11:27  Nydus Canal  
  196  11:32  Baneling x5  
  193  11:42  Baneling  
  193  11:43  Baneling x6  
  193  11:44  Zergling x4  
  193  11:45  Zergling x6  
  195  11:54  Zergling x4  
  195  11:59  Chitinous Plating, Zerg Flyer Weapons Level 3  
  195  12:07  Drone x3  
  180  12:10  Zergling x2  
  180  12:11  Zergling x58  
  180  12:15  Zergling x6  
  199  12:22  Zergling x10  
  199  12:39  Zergling x2  
  199  12:57  Zergling x4  
  199  12:58  Hatchery  
  195  13:00  Zergling x2  
  195  13:01  Baneling x10  
  195  13:02  Baneling  
  195  13:03  Baneling x4  
  196  13:15  Zergling x2  
  196  13:17  Anabolic Synthesis  
  196  13:18  Nydus Canal, Hatchery  
  195  13:26  Zergling x16  
  199  13:30  Zergling x4  
  177  13:43  Ultralisk  
  177  13:44  Zergling x24, Ultralisk x2  
  200  13:53  Spore Crawler  
  197  13:57  Zergling x4  
  197  13:58  Nydus Canal  
  198  14:09  Zergling x36  
  200  14:10  Zergling x4  
  195  14:21  Ultralisk  
  195  14:22  Zergling x4  
  195  14:23  Nydus Canal  
  199  14:25  Zergling x2  
  199  14:28  Zergling x2  
  199  14:29  Zergling x2  
  198  14:32  Zergling x10  
  198  14:33  Zergling x2  
  198  14:34  Zergling x2  
  198  14:36  Zerg Flyer Armor Level 1  
  183  14:39  Zergling x4  
  183  14:43  Baneling x5, Corruptor x7  
  183  14:45  Zergling x32  
  199  14:55  Overlord x2  
  199  14:56  Overseer x2, Overlord  
  199  15:00  Zergling x2  
  199  15:04  Baneling x31  
  200  15:08  Nydus Canal  
  200  15:14  Hatchery  
  200  15:19  Zergling x6  
  199  15:26  Zerg Missile Weapons Level 1  
  199  15:29  Zergling x2  
  199  15:30  Nydus Canal  
  190  15:42  Zergling x2  
  190  15:43  Zergling x18  
  199  15:50  Zergling x2  
  199  15:53  Baneling x4  
  194  15:59  Zergling x2  
  194  16:00  Zergling x18  
  194  16:02  Zergling x12  
  154  16:12  Zergling x2, Ultralisk x3  
  154  16:13  Zergling x46  
  154  16:14  Corruptor  
  154  16:15  Corruptor x2  
  188  16:18  Zergling x2  
  188  16:21  Zergling x2  
  188  16:23  Zergling x2  
  188  16:25  Zergling x10  
  196  16:26  Baneling x24  
  196  16:27  Zergling x4  
  196  16:28  Drone  
  196  16:32  Baneling x2  
  199  16:35  Overseer x3  
  199  16:39  Baneling x20  
  198  16:41  Baneling x3  
  198  16:42  Zergling x4  
  200  16:48  Zergling x2  
  200  16:53  Baneling  
  200  17:07  Hatchery  
  160  17:29  Zergling x38  
  156  17:31  Zergling x20  
  156  17:32  Zergling x8  
  156  17:33  Zergling x46  
Show
View Real Time Build Order
Export as new Build Order

Cure Terran 

Build Orders: Command Center First 

Get SALT Encoding   

  12  0:00  SCV  
  13  0:12  SCV  
  14  0:17  Supply Depot  
  14  0:24  SCV  
  15  0:39  SCV  
  16  0:51  SCV  
  17  1:00  Command Center  
  17  1:04  SCV  
  18  1:10  Refinery  
  18  1:16  SCV  
  19  1:22  Barracks  
  19  1:28  SCV  
  20  1:40  SCV  
  21  1:52  SCV  
  22  2:09  Orbital Command, Reaper  
  22  2:11  Orbital Command  
  23  2:24  Command Center  
  23  2:33  Factory  
  23  2:35  SCV  
  24  2:38  SCV  
  25  2:45  Refinery  
  25  2:46  Barracks Reactor  
  25  2:49  SCV  
  25  2:50  SCV  
  27  2:55  Supply Depot  
  27  3:01  SCV  
  27  3:02  SCV  
  29  3:13  Barracks, SCV  
  29  3:14  Barracks  
  29  3:16  SCV  
  31  3:26  Cyclone x2  
  34  3:28  SCV  
  34  3:29  SCV  
  34  3:32  Barracks Tech Lab  
  36  3:35  Orbital Command  
  36  3:40  SCV  
  36  3:41  SCV  
  38  3:48  Refinery  
  38  3:52  SCV  
  38  3:53  SCV  
  40  3:59  Hellion x2  
  44  4:03  SCV  
  44  4:04  SCV  
  44  4:05  SCV  
  44  4:07  Barracks Reactor  
  44  4:08  Orbital Command  
  47  4:12  Supply Depot  
  47  4:16  Stimpack, SCV, Marine  
  49  4:17  SCV  
  49  4:20  Refinery  
  49  4:22  Hellion x2  
  54  4:28  SCV  
  54  4:29  SCV  
  54  4:30  Starport  
  56  4:34  Barracks Reactor, Marine  
  56  4:37  SCV  
  58  4:38  Supply Depot  
  58  4:40  SCV  
  58  4:41  SCV  
  58  4:44  Marine x2  
  62  4:46  Cyclone x2  
  62  4:51  SCV  
  62  4:52  Marine  
  68  4:55  SCV  
  69  5:00  SCV  
  69  5:01  Supply Depot  
  69  5:03  Supply Depot  
  71  5:07  SCV x2, Engineering Bay x2  
  71  5:11  Marine x3  
  71  5:12  SCV  
  71  5:13  Marine  
  77  5:22  Marine  
  77  5:23  Medivac x2  
  77  5:25  Supply Depot  
  77  5:26  Factory Tech Lab  
  77  5:27  SCV x3  
  85  5:30  Supply Depot  
  85  5:32  Marine x3  
  85  5:33  Marine  
  89  5:37  Terran Infantry Weapons Level 1  
  89  5:39  Terran Infantry Armor Level 1  
  89  5:40  Marine  
  89  5:42  Supply Depot, SCV  
  91  5:43  SCV  
  91  5:44  SCV  
  93  5:50  Siege Tank  
  93  5:56  Combat Shield, Marine x2  
  93  5:57  Marine x2  
  98  5:58  Marine  
  98  6:01  SCV x3  
  104  6:06  Barracks x2  
  104  6:14  Marine x4  
  104  6:15  SCV x3  
  104  6:16  Marine  
  112  6:19  Refinery  
  112  6:20  Supply Depot  
  112  6:21  Factory  
  112  6:24  Refinery  
  112  6:25  Supply Depot  
  112  6:27  Widow Mine  
  112  6:31  SCV x3  
  117  6:34  Armory  
  117  6:38  Supply Depot  
  117  6:46  Marine x2  
  117  6:47  Medivac x2, Marine x3  
  96  6:51  SCV x3  
  106  6:54  Barracks Reactor  
  106  6:55  Barracks Reactor  
  106  6:57  Widow Mine  
  108  7:09  Command Center  
  108  7:12  Barracks Reactor  
  108  7:13  SCV x3  
  108  7:15  Widow Mine x2  
  115  7:16  Missile Turret  
  115  7:18  Widow Mine  
  115  7:21  Marine x3  
  120  7:25  Medivac  
  120  7:27  Supply Depot, Drilling Claws  
  122  7:30  Medivac  
  122  7:36  Terran Infantry Weapons Level 2  
  124  7:39  Terran Infantry Armor Level 2, Marine x3  
  127  7:46  Concussive Shells  
  127  7:55  Widow Mine x3  
  127  7:57  Barracks  
  127  7:58  Barracks x2  
  133  8:01  Medivac x2  
  137  8:08  Marauder, Marine x4  
  143  8:24  Marine x2  
  145  8:27  Widow Mine  
  145  8:28  Missile Turret, Widow Mine x2  
  145  8:30  Marauder  
  145  8:31  Medivac x2  
  155  8:34  SCV  
  155  8:35  SCV x2  
  155  8:36  Missile Turret  
  153  8:49  Marine x6  
  153  8:51  Marauder  
  161  8:56  Widow Mine  
  161  8:59  Supply Depot x2  
  161  9:00  Supply Depot  
  163  9:02  Widow Mine  
  163  9:03  Thor  
  163  9:07  Medivac x2  
  163  9:09  Marine x6  
  153  9:12  Marauder  
  153  9:14  Planetary Fortress  
  155  9:17  Cyclone  
  155  9:23  Marine x2  
  157  9:25  Barracks Tech Lab x3  
  157  9:27  SCV x3  
  157  9:29  Missile Turret  
  158  9:32  Sensor Tower, Widow Mine  
  158  9:34  Marauder  
  158  9:35  Missile Turret  
  162  9:46  Missile Turret  
  162  9:50  SCV  
  162  9:51  SCV x2  
  162  9:52  SCV  
  166  9:53  Marine x2  
  166  9:54  Marine x2, Marauder x3  
  166  9:55  Terran Infantry Weapons Level 3  
  176  10:02  Terran Infantry Armor Level 3  
  176  10:04  Marauder, Marine x3  
  181  10:11  Supply Depot  
  181  10:12  Missile Turret  
  179  10:15  Thor  
  179  10:16  Widow Mine  
  187  10:31  Command Center  
  187  10:33  Widow Mine  
  189  10:38  Widow Mine  
  189  10:41  Missile Turret  
  189  10:50  Medivac x2  
  189  10:55  Widow Mine  
  193  11:17  Marauder  
  195  11:22  Ghost Academy  
  195  11:23  Command Center x2, Terran Vehicle And Ship Armor Level 1  
  195  11:24  Marauder  
  196  11:26  Command Center  
  196  11:36  Refinery  
  196  11:43  Widow Mine, Marauder  
  200  11:47  Command Center  
  200  12:07  Marine x3, Widow Mine x2  
  157  12:17  Marauder x4, Marine x5  
  157  12:18  Widow Mine  
  157  12:22  Liberator x2  
  161  12:25  Marine x3  
  161  12:26  Ghost Academy  
  161  12:28  Widow Mine  
  161  12:29  Widow Mine  
  167  12:32  Neosteel Armor  
  167  12:33  Missile Turret  
  167  12:35  Orbital Command  
  167  12:38  Marauder x2  
  167  12:39  Hi-Sec Auto Tracking, Marauder x2  
  167  12:41  Orbital Command x2  
  173  12:44  Personal Cloaking  
  173  12:45  Refinery  
  173  12:46  Starport  
  173  12:47  Refinery  
  173  12:49  SCV x3  
  173  12:50  Starport  
  176  12:54  Marine x4  
  180  13:00  Marauder x2  
  180  13:03  Ghost  
  180  13:04  Widow Mine x2  
  190  13:10  Orbital Command  
  188  13:13  Missile Turret  
  188  13:19  Missile Turret  
  188  13:21  Sensor Tower, Missile Turret  
  188  13:26  Ghost x2  
  177  13:27  Liberator  
  174  13:34  Orbital Command  
  156  13:43  Missile Turret  
  156  13:45  Ghost  
  156  13:46  Marauder, Marine x4  
  164  13:55  Marauder x2  
  164  13:57  SCV x4  
  164  13:58  SCV x2  
  145  14:10  Nuke  
  145  14:16  Ghost x2  
  144  14:17  Marauder x2, Marine x6  
  144  14:21  Orbital Command  
  148  14:26  Marine x2  
  147  14:35  Marine x6  
  153  14:39  Marauder x2  
  153  14:43  Medivac x2  
  153  14:44  Liberator  
  164  14:46  Marauder x2  
  166  14:59  Ghost x2  
  170  15:10  Missile Turret  
  170  15:17  Missile Turret  
  170  15:19  Ghost x2  
  174  15:28  Ghost x2  
  167  15:45  Widow Mine x3  
  167  15:47  Ghost x2  
  177  15:53  Missile Turret  
  177  15:54  Missile Turret  
  177  16:03  Marine x4  
  177  16:04  Marauder x2  
  156  16:06  Widow Mine x2  
  156  16:07  Widow Mine  
  156  16:09  Marine x2  
  137  16:15  SCV  
  137  16:16  Ghost  
  136  16:18  Orbital Command  
  136  16:22  Marine  
  136  16:45  Refinery  
  136  16:58  Missile Turret  
  136  16:59  Marine  
  135  17:02  Missile Turret  
  135  17:06  Sensor Tower  
  121  17:18  Marauder x2, Marine x5  
  121  17:19  Marauder  
  121  17:21  Orbital Command  
  121  17:23  Widow Mine x2  
  121  17:24  Marine  
  121  17:28  Marine x3  
Tags
 
Add a new tag
Caveats
  • Supply blocks, unpowered buildings, or Contaminate may cause inaccurate times.
  • Supply counts are checked every 10 seconds.